 Dungeon Crawl Stone Soup version 0.18.1-50-g88ac8fd (console) character file.

11139 Kloppie the Severer (level 11, -5/142 HPs)
             Began as a Hill Orc Berserker on Sept 27, 2016.
             Was a High Priest of Trog.
             Slain by a blink frog (12 damage)
             ... on level 9 of the Dungeon.
             The game lasted 00:15:16 (9039 turns).

Kloppie the Severer (Hill Orc Berserker)            Turns: 9039, Time: 00:15:16

Health: -5/142     AC: 14    Str: 29    XL:     11   Next: 73%
Magic:  11/11      EV: 11    Int:  7    God:    Trog [*****.]
Gold:   242        SH:  0    Dex: 10    Spells: 0 memorised, 10 levels left

rFire  . . .     SeeInvis .     a - +2 war axe (flame)
rCold  . . .     Gourm    .     Q - +3 ring mail "Joqugiw" {rElec Regen+}
rNeg   . . .     Faith    .     (no shield)
rPois  +         Spirit   .     C - +1 helmet
rElec  +         Dismiss  .     (no cloak)
rCorr  .         Reflect  .     P - +0 pair of gloves
SustAt .         Harm     .     (no boots)
MR     .....                    K - amulet of regeneration
Stlth  ..........               M - ring of stealth
                                l - ring of poison resistance

@: berserking, lethally poisoned (-5 -> -6), drained, very quick, not resistant
to hostile enchantments, extremely unstealthy
A: no striking features
a: Berserk, Trog's Hand, Brothers in Arms, Burn Spellbooks, Renounce Religion


You were on level 9 of the Dungeon.
You worshipped Trog.
Trog was extremely pleased with you.
You were hungry.

You visited 2 branches of the dungeon, and saw 10 of its levels.

You collected 525 gold pieces.
You spent 283 gold pieces at shops.

Inventory:

Hand Weapons
 a - a +2 war axe of flaming (weapon)
 y - a +0 war axe
Armour
 C - a +1 helmet (worn)
 P - a +0 pair of gloves (worn)
 Q - the +3 ring mail "Joqugiw" (worn) {rElec Regen+}
   (You found it on level 9 of the Dungeon)

   It insulates you from electricity.
   It increases your rate of regeneration.
Jewellery
 l - a ring of poison resistance (left hand)
 G - an uncursed amulet of the gourmand
 K - an amulet of regeneration (around neck)
 M - a ring of stealth (right hand)
Wands
 f - a wand of paralysis (7/24)
 h - a wand of enslavement (16/24)
 r - a wand of digging (18/24)
 z - a wand of iceblast (7/15)
 A - a wand of polymorph (6/24)
 B - a wand of flame (12/48)
 O - a wand of digging (7/24)
Scrolls
 o - 4 scrolls of teleportation
 s - 3 scrolls of remove curse
 t - a scroll of magic mapping
 w - 2 scrolls of enchant armour
 N - a scroll of enchant weapon
Potions
 b - 3 potions of haste
 d - 2 potions of ambrosia
 e - 2 potions of invisibility
 g - a potion of brilliance
 n - 2 potions of might
 p - 2 potions of agility
 x - 4 potions of curing
 I - a potion of magic
 J - a potion of resistance
Comestibles
 c - 8 bread rations
 i - 5 meat rations
 j - a royal jelly
 k - 4 fruits
 m - 9 beef jerkies
 q - 3 chunks of flesh
 u - 3 slices of pizza


   Skills:
 - Level 8.9 Fighting
 + Level 16.2 Axes
 + Level 12.0 Armour
 - Level 1.5 Dodging


You had 10 spell levels left.
You didn't know any spells.

Dungeon Overview and Level Annotations

Branches:
Dungeon (9/15)             Temple (0/1) D:7            Lair (1/8) D:9
    Orc: D:9-12

Altars:
Fedhas
Trog
Xom
Yredelemnul

Shops:
D:4 (   D:6 *   D:9 %


Message History

The killer bee is heavily wounded.
You slash the blink frog! You burn the blink frog.
The blink frog is almost dead.
The blink frog misses you. The killer bee stings you.
* * * LOW HITPOINT WARNING * * *
The killer bee closely misses you.
The killer bee stings you but does no damage.
You slash the killer bee! You burn the killer bee.
The killer bee is heavily wounded.
You completely miss the blink frog.
The blink frog is almost dead.
You closely miss the killer bee.
The killer bee is heavily wounded.
You slash the killer bee! You burn the killer bee.
The killer bee is severely wounded.
You feel sick. The killer bee misses you. The killer bee stings you.
* * * LOW HITPOINT WARNING * * *
You are more poisoned.
The killer bee poisons you! The blink frog hits you!
You die...

#####......PP.....P.........#....
....+>........PPP.P.........'..>.
#####........PPPP.P..P#....##....
...##.....P.P.PPP..P...)...+....[
##'##......PP..P..PPP......#####.
..........PPPPP.P.PPP.[)...#####+
#...........PP.PP..PPP[(.....>...
'.......P.P..P.†y................
#.........PPP.Py@y...P...........
#.......P..PP.P.†FP...P....#####'
#####.....P..P..PP.PP.P....#####.
#.....PPP.P.P.PPPP.....#...#.
#......PP....PP.P..##'##.#.#.
#.......P.PPPP.P.........#.#.
#........PPP..PP.P..######.##
######.P..PPPP..P..## #.#.
####### ##........P.### #.#.


You could see a blink frog and 3 killer bees.

Vanquished Creatures
  Gastronok (D:8)
  Erica (D:8)
  An unseen horror (D:9)
  The ghost of kotomi the Skirmisher, a novice DsBe of Trog (D:4)
  A troll (D:9)
  2 blink frogs (D:9)
  A wyvern (D:6)
  5 yaks (D:9)
  Grum (D:8)
  A hungry ghost (D:7)
  A water moccasin (D:7)
  Purgy (D:4)
  2 sky beasts
  4 orc warriors
  6 ogres
  4 wolves (D:8)
  5 centaurs
  4 phantoms
  Blork the orc (D:4)
  3 giant frogs
  4 scorpions
  37 killer bees
  2 jellies
  4 wights (D:9)
  7 howler monkeys
  4 crimson imps
  6 hounds
  A quasit (D:8)
  5 centaur skeletons
  4 orc priests
  Jessica (D:2)
  2 iguanas
  Natasha (D:2)
  8 orc wizards
  5 worker ants
  A killer bee zombie (D:7)
  2 hound skeletons (D:6)
  Robin (D:4)
  A worker ant zombie (D:9)
  3 gnolls (D:6)
  8 adders
  2 howler monkey skeletons
  3 shadow imps
  An ooze (D:3)
  An adder zombie (D:7)
  5 worms
  A dart slug (D:3)
  6 giant geckos
  22 orcs
  5 giant cockroaches
  14 goblins
  11 hobgoblins
  20 jackals
  11 kobolds
  3 quokkas
  2 ball pythons
  12 bats
  7 giant newts
  2 quokka zombies
  10 rats
  8 fungi
  6 plants (D:9)
305 creatures vanquished.

Vanquished Creatures (others)
  2 fungi (D:8)
2 creatures vanquished.

Grand Total: 307 creatures vanquished

Notes
Turn   | Place    | Note
--------------------------------------------------------------
     0 | D:1      | Kloppie the Hill Orc Berserker began the quest for the Orb.
     0 | D:1      | Reached XP level 1. HP: 19/19 MP: 1/1
   235 | D:1      | Reached XP level 2. HP: 22/27 MP: 2/2
   966 | D:2      | Found a faded altar to an unknown god.
   976 | D:2      | Reached XP level 3. HP: 34/34 MP: 3/3
  1020 | D:2      | Reached ** piety under Trog
  1322 | D:2      | Reached skill level 5 in Axes
  1427 | D:2      | Found a bloodstained altar of Trog.
  1538 | D:2      | Noticed Jessica
  1544 | D:2      | Killed Jessica
  1544 | D:2      | Reached skill level 5 in Fighting
  1544 | D:2      | Reached XP level 4. HP: 38/42 MP: 4/4
  1594 | D:2      | Found a shimmering altar of Xom.
  1692 | D:2      | Noticed Natasha
  1701 | D:2      | Killed Natasha
  1794 | D:3      | Reached XP level 5. HP: 48/48 MP: 5/5
  2051 | D:3      | Reached *** piety under Trog
  2066 | D:3      | Reached skill level 6 in Axes
  2666 | D:3      | You fall through a shaft!
  2666 | D:4      | Noticed an ogre
  2669 | D:4      | Noticed Purgy
  2677 | D:4      | Killed an ogre
  2677 | D:4      | Reached XP level 6. HP: 57/57 MP: 6/6
  2678 | D:4      | Killed Purgy
  2678 | D:4      | Reached skill level 7 in Axes
  2684 | D:4      | Noticed Robin
  2709 | D:4      | Killed Robin
  2815 | D:4      | Noticed kotomi's ghost (novice DsBe)
  2817 | D:4      | Found Fequmo Waixo's Antique Weapon Emporium.
  2825 | D:4      | Killed kotomi's ghost
  2825 | D:4      | Reached skill level 8 in Axes
  2825 | D:4      | Reached XP level 7. HP: 67/67 MP: 7/7
  3023 | D:4      | Noticed Blork the orc
  3051 | D:4      | Killed Blork the orc
  3256 | D:4      | Reached skill level 9 in Axes
  3360 | D:4      | Reached XP level 8. HP: 74/74 MP: 8/8
  3361 | D:4      | Reached **** piety under Trog
  3588 | D:5      | Entered Level 5 of the Dungeon
  3905 | D:5      | Reached skill level 10 in Axes
  4115 | D:5      | Found a blossoming altar of Fedhas.
  4115 | D:5      | Found a basalt altar of Yredelemnul.
  4693 | D:6      | Found Qyatoent's Assorted Antiques.
  4696 | D:6      | Bought a scroll labeled UFUAFI RUDUL for 19 gold pieces
  4696 | D:6      | Bought a scroll labeled UFUAFI RUDUL for 19 gold pieces
  4696 | D:6      | Bought a scroll labeled GUGOSERRE EBUL for 19 gold pieces
  4696 | D:6      | Bought a purple potion for 17 gold pieces
  4696 | D:6      | Bought a scroll labeled GEAZIM GOAKK for 19 gold pieces
  4696 | D:6      | Bought a dented bronze amulet for 95 gold pieces
  4696 | D:6      | Bought a square peridot amulet for 95 gold pieces
  4710 | D:6      | Reached XP level 9. HP: 72/82 MP: 9/9
  4719 | D:6      | Reached skill level 11 in Axes
  4719 | D:6      | Reached skill level 5 in Armour
  5107 | D:7      | Found a staircase to the Ecumenical Temple.
  5392 | D:7      | Reached skill level 12 in Axes
  6359 | D:8      | Reached XP level 10. HP: 54/90 MP: 10/10
  6390 | D:8      | Reached skill level 13 in Axes
  6435 | D:8      | Reached ***** piety under Trog
  6502 | D:8      | Noticed Gastronok
  6519 | D:8      | Killed Gastronok
  6519 | D:8      | Reached skill level 14 in Axes
  6608 | D:8      | Noticed Grum
  6611 | D:8      | Killed Grum
  6612 | D:8      | Reached skill level 10 in Armour
  6704 | D:8      | Noticed Erica
  6727 | D:8      | Killed Erica
  6727 | D:8      | Reached XP level 11. HP: 95/95 MP: 11/11
  7001 | D:8      | Reached skill level 15 in Axes
  7635 | D:9      | Got a spiked ring mail
  7649 | D:9      | Identified the +3 ring mail "Joqugiw" {rElec Regen+} (You found it on level 9 of the Dungeon)
  7696 | D:9      | Found a staircase to the Lair.
  7876 | D:9      | Killed an unseen horror
  8191 | D:9      | Received a gift from Trog
  8281 | D:9      | Found Egroserph's Food Emporium.
  8686 | Lair:1   | Entered Level 1 of the Lair of Beasts
  8740 | D:9      | Reached skill level 16 in Axes
  9039 | D:9      | HP: 7/142 [killer bee (6)]
  9039 | D:9      | Slain by a blink frog

Skill      XL: |  1  2  3  4  5  6  7  8  9 10 11 |
---------------+----------------------------------+-----
Fighting       | 4 5 6 7 8 |  8.9
Axes           | 5 6 8 9 10 12 14 16 | 16.2
Armour         | 4 7 10 12 | 12.0
Dodging        | |  1.5

Action                   |  1- 3 |  4- 6 |  7- 9 | 10-12 || total
-------------------------+-------+-------+-------+-------++-------
Melee: Hand axe          |   136 |   141 |    86 |       ||   363
       Unarmed           |       |    13 |       |       ||    13
       War axe           |       |       |   205 |   364 ||   569
Invok: Berserk           |     1 |     2 |     3 |     5 ||    11
       Trog's Hand       |       |     1 |       |     5 ||     6
  Use: Scroll            |       |       |    21 |     2 ||    23
 Stab: Sleeping          |       |       |       |     1 ||     1
  Eat: Chunk             |     3 |     6 |    21 |    13 ||    43
Armor: Animal skin       |     1 |       |       |       ||     1
       Ring mail         |    40 |       |       |   172 ||   212
       Scale mail        |    23 |    80 |    81 |    66 ||   250
       Skin              |       |     3 |       |       ||     3
Dodge: Dodged            |    92 |   108 |   142 |   255 ||   597
